MLB
MILWAUKEE BREWERS @ LAS VEGAS HUSTLE
06/13/2099
 
TOP OF THE 1ST
Milwaukee Brewers batting - Pitching for Las Vegas Hustle : RHP Nick Hof
Pitching: RHP Nick Hof
Batting: RHB Byron Weaver 0-0: Called Strike
0-1: Ball
1-1: Swinging Strike
1-2: Foul Ball, location: 2F
1-2: Ball
2-2: Strikes out swinging
Batting: RHB Kyle Stewart 0-0: Ball
1-0: Called Strike
1-1: Ball
2-1: Foul Ball, location: 5FF
2-2: Foul Ball, location: 2F
2-2: Strikes out swinging
Batting: LHB Alex Cruz 0-0: Ball
1-0: Foul Ball, location: 5SF
1-1: Fly out, F8 (Flyball, 78D, EV 93.1 MPH)
Top of the 1st over - 0 runs, 0 hits, 0 errors, 0 left on base; Milwaukee 0 - Las Vegas 0
BOTTOM OF THE 1ST
Las Vegas Hustle batting - Pitching for Milwaukee Brewers : RHP Antonio Sandoval
Pitching: RHP Antonio Sandoval
Batting: LHB Steve Lawler 0-0: Ball
1-0: Called Strike
1-1: Foul Ball, location: 2F
1-2: Ball
2-2: Foul Ball, location: 5FF
2-2: Ground out 5-3 (Groundball, 5S, EV 69.4 MPH)
Batting: RHB Rick Roberds 0-0: Ball
1-0: Ball
2-0: Called Strike
2-1: Called Strike
2-2: Ball
3-2: Ground out 6-3 (Groundball, 6, EV 108.1 MPH)
Batting: RHB John Conway 0-0: Ball
1-0: Ball
2-0: Ground out 6-3 (Groundball, 6, EV 101.9 MPH)
Bottom of the 1st over - 0 runs, 0 hits, 0 errors, 0 left on base; Milwaukee 0 - Las Vegas 0
TOP OF THE 2ND
Milwaukee Brewers batting - Pitching for Las Vegas Hustle : RHP Nick Hof
Batting: LHB Chris Marcheski 0-0: Called Strike
0-1: Ball
1-1: Reached on error, E4 (Groundball, 4, EV 78.8 MPH)
Batting: RHB Tyler Naberhaus 0-0: DOUBLE (Flyball, 78D, EV 101.3 MPH)
Chris Marcheski to third
Batting: LHB Ron Lenz 0-0: Ball
1-0: Fly out, F6 (Popup, P, EV 85.0 MPH)
Batting: SHB Jamie Saxton 0-0: Ball
1-0: Ball
2-0: Ball
3-0: Base on Balls
Batting: LHB Takashi Nakata 0-0: Called Strike
0-1: Ball
1-1: Foul Ball, location: 2F
1-2: Foul Ball, location: 2F
1-2: Strikes out swinging
Batting: LHB Sean Weaver 0-0: Called Strike
0-1: Ball
1-1: Swinging Strike
1-2: Ball
2-2: Foul Ball, location: 7LSF
2-2: Strikes out swinging
Top of the 2nd over - 0 runs, 1 hit, 1 error, 3 left on base; Milwaukee 0 - Las Vegas 0
BOTTOM OF THE 2ND
Las Vegas Hustle batting - Pitching for Milwaukee Brewers : RHP Antonio Sandoval
Batting: LHB Jon Guzman 0-0: Ball
1-0: Foul Ball, location: 2F
1-1: Fly out, F8 (Flyball, 8LM, EV 88.1 MPH)
Batting: RHB John Lopez 0-0: Swinging Strike
0-1: Ball
1-1: SOLO HOME RUN (Flyball, 8LXD, EV 106.9 MPH), Distance : 423 ft
Batting: RHB Clint Hurley 0-0: Ball
1-0: Foul Ball, location: 9LSF
1-1: Ball
2-1: Called Strike
2-2: Strikes out looking
Batting: SHB Jose Espinoza 0-0: Ball
1-0: Called Strike
1-1: Ball
2-1: Foul Ball, location: 2F
2-2: Fly out, F9 (Flyball, 9LM, EV 81.3 MPH)
Bottom of the 2nd over - 1 run, 1 hit, 0 errors, 0 left on base; Milwaukee 0 - Las Vegas 1
TOP OF THE 3RD
Milwaukee Brewers batting - Pitching for Las Vegas Hustle : RHP Nick Hof
Batting: RHB Byron Weaver 0-0: Swinging Strike
0-1: Foul Ball, location: 5F
0-2: Strikes out swinging
Batting: RHB Kyle Stewart 0-0: Ball
1-0: Called Strike
1-1: Ball
2-1: Foul Ball, location: 2LF
2-2: Foul Ball, location: 2F
2-2: Strikes out looking
Batting: LHB Alex Cruz 0-0: Called Strike
0-1: Foul Ball, location: 2F
0-2: Ball
1-2: Strikes out swinging
Top of the 3rd over - 0 runs, 0 hits, 0 errors, 0 left on base; Milwaukee 0 - Las Vegas 1
BOTTOM OF THE 3RD
Las Vegas Hustle batting - Pitching for Milwaukee Brewers : RHP Antonio Sandoval
Batting: RHB Karl Robbins 0-0: Called Strike
0-1: Fly out, F8 (Flyball, 8LM, EV 93.1 MPH)
Batting: RHB Leonardo Sosa 0-0: Foul Ball, location: 2F
0-1: Ball
1-1: Foul Ball, location: 2LF
1-2: Ground out 4-3 (Groundball, 4S, EV 70.6 MPH)
Batting: LHB Steve Lawler 0-0: Ball
1-0: Called Strike
1-1: Ball
2-1: Fly out, F9 (Flyball, 9D, EV 110.6 MPH)
Bottom of the 3rd over - 0 runs, 0 hits, 0 errors, 0 left on base; Milwaukee 0 - Las Vegas 1
TOP OF THE 4TH
Milwaukee Brewers batting - Pitching for Las Vegas Hustle : RHP Nick Hof
Pitching: LHP Matt Osborne
Batting: LHB Chris Marcheski 0-0: Ball
1-0: Foul Ball, location: 5SF
1-1: Fly out, F8 (Flyball, 8RM, EV 91.3 MPH)
Batting: RHB Tyler Naberhaus 0-0: Ball
1-0: Foul Ball, location: 23FF
1-1: Ball
2-1: DOUBLE (Flyball, 89XD, EV 98.8 MPH)
Batting: LHB Ron Lenz 0-0: Ball
1-0: Called Strike
1-1: Foul Ball, location: 2F
1-2: Ball
2-2: Fly out, F7 (Flyball, 7S, EV 91.9 MPH)
Batting: SHB Jamie Saxton 0-0: Called Strike
0-1: Swinging Strike
0-2: Ball
1-2: Ball
2-2: Strikes out swinging
Top of the 4th over - 0 runs, 1 hit, 0 errors, 1 left on base; Milwaukee 0 - Las Vegas 1
BOTTOM OF THE 4TH
Las Vegas Hustle batting - Pitching for Milwaukee Brewers : RHP Antonio Sandoval
Batting: RHB Rick Roberds 0-0: Foul Ball, location: 9LDF
0-1: Called Strike
0-2: Ball
1-2: Ball
2-2: Strikes out swinging
Batting: RHB John Conway 0-0: Called Strike
0-1: Ball
1-1: Ball
2-1: Ball
3-1: Fly out, F9 (Flyball, 89S, EV 76.9 MPH)
Batting: LHB Jon Guzman 0-0: Called Strike
0-1: Swinging Strike
0-2: Strikes out looking
Bottom of the 4th over - 0 runs, 0 hits, 0 errors, 0 left on base; Milwaukee 0 - Las Vegas 1
TOP OF THE 5TH
Milwaukee Brewers batting - Pitching for Las Vegas Hustle : LHP Matt Osborne
Batting: LHB Takashi Nakata 0-0: Called Strike
0-1: Foul Ball, location: 2F
0-2: SINGLE (Line Drive, 6M, EV 100.6 MPH)
Batting: LHB Sean Weaver 0-0: Swinging Strike
0-1: Bunted foul
0-2: Ball
1-2: Foul Ball, location: 2F
1-2: Foul Ball, location: 7LMF
1-2: Fly out, F5 (Popup, 56, EV 34.4 MPH)
Batting: RHB Byron Weaver 0-0: Foul Ball, location: 9LSF
0-1: Foul Ball, location: 2F
0-2: Ball
1-2: Ball
2-2: Foul Ball, location: 2F
2-2: Strikes out looking
Pitching: RHP Justin Price
Batting: RHB Kyle Stewart 0-0: Fly out, F3 (Popup, 3F, EV 62.5 MPH)
Top of the 5th over - 0 runs, 1 hit, 0 errors, 1 left on base; Milwaukee 0 - Las Vegas 1
BOTTOM OF THE 5TH
Las Vegas Hustle batting - Pitching for Milwaukee Brewers : RHP Antonio Sandoval
Batting: RHB John Lopez 0-0: Ground out 6-3 (Groundball, 6, EV 93.1 MPH)
Batting: RHB Clint Hurley 0-0: Called Strike
0-1: Swinging Strike
0-2: Ball
1-2: Ball
2-2: Strikes out looking
Batting: SHB Jose Espinoza 0-0: Ball
1-0: Ground out 4-3 (Groundball, 4, EV 81.9 MPH)
Bottom of the 5th over - 0 runs, 0 hits, 0 errors, 0 left on base; Milwaukee 0 - Las Vegas 1
TOP OF THE 6TH
Milwaukee Brewers batting - Pitching for Las Vegas Hustle : RHP Justin Price
Batting: LHB Alex Cruz 0-0: Ball
1-0: Called Strike
1-1: DOUBLE (Flyball, 8LXD, EV 110.6 MPH)
Batting: LHB Chris Marcheski 0-0: SINGLE (Flyball, 56D, EV 91.3 MPH)
Alex Cruz to third
Batting: RHB Tyler Naberhaus 0-0: SINGLE (Line Drive, 7S, EV 104.4 MPH)
Alex Cruz scores
Chris Marcheski to second
Batting: LHB Ron Lenz 0-0: Called Strike
0-1: Swinging Strike
0-2: Ball
1-2: Strikes out looking
Batting: SHB Jamie Saxton 0-0: Called Strike
0-1: Swinging Strike
0-2: Ball
1-2: Foul Ball, location: 7LDF
1-2: Grounds into double play, 6-4-3 (Groundball, 6, EV 101.9 MPH)
Top of the 6th over - 1 run, 3 hits, 0 errors, 1 left on base; Milwaukee 1 - Las Vegas 1
BOTTOM OF THE 6TH
Las Vegas Hustle batting - Pitching for Milwaukee Brewers : RHP Antonio Sandoval
Batting: RHB Karl Robbins 0-0: Swinging Strike
0-1: Foul Ball, location: 2F
0-2: DOUBLE (Line Drive, 3D, EV 94.4 MPH)
Batting: RHB Leonardo Sosa 0-0: DOUBLE (Line Drive, 8RD, EV 105.6 MPH)
Karl Robbins scores
Batting: LHB Steve Lawler 0-0: Intentional Walk
Batting: RHB Rick Roberds 0-0: Fielders Choice at 2nd, 5-4 (Groundball, 56, EV 103.1 MPH)
Leonardo Sosa to third
Batting: RHB John Conway 0-0: Foul Ball, location: 5F
0-1: Ball
1-1: SINGLE (Line Drive, 7LS, EV 110.0 MPH)
Leonardo Sosa scores
Rick Roberds to second
Batting: LHB Jon Guzman 0-0: Called Strike
0-1: Ball
1-1: Ball
2-1: Ball
3-1: Called Strike
3-2: Base on Balls
Rick Roberds to third
John Conway to second
Batting: RHB John Lopez 0-0: Fly out, F8 (Flyball, 8LS, EV 86.3 MPH)
Runner from 3rd tags up, SCORES, throw by CF
Batting: RHB Clint Hurley 0-0: Ball
1-0: Fly out, F8 (Flyball, 8RD, EV 108.8 MPH)
Bottom of the 6th over - 3 runs, 3 hits, 0 errors, 2 left on base; Milwaukee 1 - Las Vegas 4
TOP OF THE 7TH
Milwaukee Brewers batting - Pitching for Las Vegas Hustle : RHP Justin Price
Batting: LHB Takashi Nakata 0-0: Called Strike
0-1: Fly out, F7 (Line Drive, 78M, EV 95.0 MPH)
Batting: LHB Sean Weaver 0-0: SINGLE (Line Drive, 4D, EV 105.6 MPH)
Batting: RHB Byron Weaver 0-0: Foul Ball, location: 2F
0-1: 2-RUN HOME RUN (Flyball, 78XD, EV 103.8 MPH), Distance : 401 ft
Pitching: RHP Tim Berigan
Batting: RHB Kyle Stewart 0-0: Ball
1-0: Foul Ball, location: 2F
1-1: SINGLE (Line Drive, 4M, EV 94.4 MPH)
Batting: LHB Alex Cruz 0-0: Called Strike
0-1: Swinging Strike
0-2: Ball
1-2: Ball
2-2: Ball
3-2: Base on Balls
Kyle Stewart to second
Batting: LHB Chris Marcheski 0-0: Ball
1-0: Ball
2-0: Called Strike
2-1: Ball
3-1: Foul Ball, location: 9LMF
3-2: Base on Balls
Kyle Stewart to third
Alex Cruz to second
Batting: RHB Tyler Naberhaus 0-0: Ball
1-0: Ball
2-0: Called Strike
2-1: Foul Ball, location: 25F
2-2: Ball
3-2: Base on Balls
Kyle Stewart scores
Alex Cruz to third
Chris Marcheski to second
Pitching: RHP Jon Fenton
Batting: LHB Ron Lenz 0-0: Ball
1-0: Foul Ball, location: 5SF
1-1: Fly out, F8 (Flyball, 8RD, EV 110.0 MPH)
Runner from 3rd tags up, SCORES, throw by CF
Chris Marcheski to third
Batting: SHB Jamie Saxton 0-0: Ball
1-0: Ball
2-0: Ground out 4-3 (Groundball, 4S, EV 75.6 MPH)
Top of the 7th over - 4 runs, 3 hits, 0 errors, 2 left on base; Milwaukee 5 - Las Vegas 4
BOTTOM OF THE 7TH
Las Vegas Hustle batting - Pitching for Milwaukee Brewers : RHP Antonio Sandoval
Batting: SHB Jose Espinoza 0-0: Ball
1-0: Foul Ball, location: 23FF
1-1: Foul Ball, location: 2F
1-2: Foul Ball, location: 2F
1-2: Strikes out swinging
Batting: RHB Karl Robbins 0-0: Called Strike
0-1: Fly out, F4 (Popup, 4MD, EV 66.9 MPH)
Pinch Hitting: LHB Jason Strong 0-0: Ball
1-0: Called Strike
1-1: Ball
2-1: Foul Ball, location: 9LMF
2-2: Fly out, F7 (Flyball, 7D, EV 102.5 MPH)
Bottom of the 7th over - 0 runs, 0 hits, 0 errors, 0 left on base; Milwaukee 5 - Las Vegas 4
TOP OF THE 8TH
Milwaukee Brewers batting - Pitching for Las Vegas Hustle : RHP Jon Fenton
Now at SS: Jason Strong
Batting: LHB Takashi Nakata 0-0: Called Strike
0-1: Foul Ball, location: 23FF
0-2: Strikes out swinging
Batting: LHB Sean Weaver 0-0: Swinging Strike
0-1: Ball
1-1: Ball
2-1: Foul Ball, location: 25F
2-2: SINGLE (Line Drive, 8RS, EV 91.3 MPH)
Batting: RHB Byron Weaver 0-0: Swinging Strike
0-1: Foul Ball, location: 9LMF
0-2: Ball
1-2: Ball
2-2: Strikes out looking
Pitching: RHP Vic Correa
Batting: RHB Kyle Stewart 0-0: Ball
1-0: Foul Ball, location: 3F
1-1: Ball
2-1: Foul Ball, location: 7LSF
2-2: Fly out, F4 (Line Drive, 4, EV 67.5 MPH)
Top of the 8th over - 0 runs, 1 hit, 0 errors, 1 left on base; Milwaukee 5 - Las Vegas 4
BOTTOM OF THE 8TH
Las Vegas Hustle batting - Pitching for Milwaukee Brewers : RHP Antonio Sandoval
Batting: LHB Steve Lawler 0-0: Fly out, F3 (Popup, 3F, EV 56.3 MPH)
Pinch Hitting: LHB Victor Valdez 0-0: Called Strike
0-1: Ball
1-1: SINGLE (Line Drive, 8LS, EV 103.8 MPH)
Batting: RHB John Conway 0-0: Called Strike
0-1: Ball
1-1: Called Strike
1-2: Grounds into double play, 6-4-3 (Groundball, 6M, EV 78.1 MPH)
Bottom of the 8th over - 0 runs, 1 hit, 0 errors, 0 left on base; Milwaukee 5 - Las Vegas 4
TOP OF THE 9TH
Milwaukee Brewers batting - Pitching for Las Vegas Hustle : RHP Vic Correa
Now in CF: Victor Valdez
Batting: LHB Alex Cruz 0-0: Ground out 2-3 (Groundball, 13S, EV 69.4 MPH)
Batting: LHB Chris Marcheski 0-0: Fly out, F8 (Flyball, 8RM, EV 81.3 MPH)
Batting: RHB Tyler Naberhaus 0-0: Ball
1-0: Ball
2-0: SINGLE (Groundball, 4MD, EV 110.0 MPH)
Batting: LHB Ron Lenz 0-0: Ball
1-0: Foul Ball, location: 5SF
1-1: Fly out, F8 (Flyball, 78D, EV 89.4 MPH)
Top of the 9th over - 0 runs, 1 hit, 0 errors, 1 left on base; Milwaukee 5 - Las Vegas 4
BOTTOM OF THE 9TH
Las Vegas Hustle batting - Pitching for Milwaukee Brewers : RHP Antonio Sandoval
Pitching: RHP Ryan Silton
Now in LF: Tony Graham
Batting: LHB Jon Guzman 0-0: Called Strike
0-1: Foul Ball, location: 2F
0-2: SINGLE (Flyball, 8LXD, EV 101.3 MPH)
Batting: RHB John Lopez 0-0: Swinging Strike
0-1: Ball
1-1: Swinging Strike
1-2: Foul Ball, location: 9LDF
1-2: Ball
2-2: Fly out, F7 (Flyball, 7LD, EV 110.6 MPH)
Batting: RHB Clint Hurley 0-0: Foul Ball, location: 9LSF
0-1: Ball
1-1: Foul Ball, location: 3SF
1-2: Ball
2-2: Fly out, F9 (Flyball, 9D, EV 83.8 MPH)
Runner from 1st tags up, SAFE at 2nd
Batting: SHB Jose Espinoza 0-0: Called Strike
0-1: Ball
1-1: Ball
2-1: Swinging Strike
2-2: Foul Ball, location: 7LSF
2-2: Foul Ball, location: 7LMF
2-2: Strikes out looking
Bottom of the 9th over - 0 runs, 1 hit, 0 errors, 1 left on base; Milwaukee 5 - Las Vegas 4
Thursday, May 9th , 2024 - OOTP Baseball 24.11 Build 85